 Dungeon Crawl Stone Soup version 0.27-a0-1196-g3e9cee4cb2 (webtiles) character file.

Game seed: 4907055944306359282

16 robertstho the Covered (level 2, -4/19 HPs)
             Began as a Gargoyle Fighter on May 27, 2021.
             Slain by a gnoll
             ... wielding a +0 flail
              (5 damage)
             ... on level 2 of the Dungeon.
             The game lasted 00:00:40 (1054 turns).

robertstho the Covered (Gargoyle Fighter)           Turns: 1054, Time: 00:00:43

Health: -4/19      AC:  9    Str: 19    XL:     2   Next: 58%
Magic:  2/2        EV:  7    Int:  8    God:
Gold:   20         SH:  9    Dex:  9    Spells: 1/1 levels left

rFire    . . .     SeeInvis .   a - +0 flail
rCold    . . .     Faith    .   c - +0 kite shield
rNeg     + . .     Spirit   .   b - +0 scale mail
rPois    ∞         Reflect  .   (no helmet)
rElec    +         Harm     .   (no cloak)
rCorr    .         Rampage  .   (no gloves)
Will     .....                  (no boots)
Stlth    ..........             (no amulet)
HPRegen  0.06/turn              (no ring)
MPRegen  0.08/turn              (no ring)

@: no status effects
A: sickness immunity, AC +2, negative energy resistance 1, electricity
resistance, torment resistance 1, petrification resistance
a: no special abilities


You were on level 2 of the Dungeon.
You visited 1 branch of the dungeon, and saw 2 of its levels.

You collected 20 gold pieces.

Inventory:

Hand Weapons
 a - a +0 flail (weapon)
Armour
 b - a +0 scale mail (worn)
 c - a +0 kite shield (worn)
Scrolls
 f - a scroll of identify {unknown}
 h - a scroll of enchant weapon {unknown}
 j - a scroll of teleportation {unknown}
Potions
 d - a potion of might
 e - a potion of cancellation {unknown}
 g - 2 potions of attraction {unknown}
 i - a potion of invisibility {unknown}
 k - a potion of resistance {unknown}


   Skills:
 + Level 3.5 Fighting
 + Level 2.0 Maces & Flails
 + Level 3.7 Armour
 + Level 3.5 Shields


You had one spell level left.
You didn't know any spells.
Your spell library was empty.

Dungeon Overview and Level Annotations

Branches:
Dungeon (2/15)

Altars:


Innate Abilities, Weirdness & Mutations

You are immune to sickness and miasma.
Your stone body is resilient. (AC +2)
You are immune to poison.
You resist negative energy. (rN+)
You are resistant to electric shocks. (rElec)
You are resistant to unholy torment.
You are immune to petrification.


Message History

No target in view!
No target in view!
No target in view!
No target in view!
No target in view!
No target in view!
No target in view!
You now have 20 gold pieces (gained 6). 2 gnolls come into view.
The gnoll shouts!
A gnoll comes into view. It is wielding a +0 flail.
There are monsters nearby!
There are monsters nearby!
There are monsters nearby!
There are monsters nearby!
The gnoll shouts!
A frilled lizard comes into view.
The frilled lizard hisses angrily.
The gnoll hits you but does no damage.
You hit the gnoll.
The gnoll is lightly wounded.
The gnoll hits you but does no damage.
You closely miss the gnoll.
The gnoll is lightly wounded.
You block the gnoll's attack.
You closely miss the gnoll. You block the gnoll's attack.
The gnoll hits you with a +0 flail.
You closely miss the gnoll. You block the gnoll's attack.
The gnoll hits you but does no damage. x2; The gnoll hits you with a +0 flail.
You hit the gnoll but do no damage.
The gnoll hits you from afar with a +0 spear.
* * * LOW HITPOINT WARNING * * *
You block the gnoll's attack.
You hit the gnoll.
The gnoll is moderately wounded.
The gnoll hits you from afar with a +0 spear.
* * * LOW HITPOINT WARNING * * *
You block the gnoll's attack. The gnoll closely misses you.
The gnoll hits you with a +0 flail.
You die...

#.# #.#
#..#.#########.#
#....lggg@...#.# #
#..#.#######.#.# .#
#..........>#######.#
.###................#
..................#
#.##.##.....####..#
.. #.....# #†.# #
#.....# #..#
##...#####..#####


You could see 3 gnolls and a frilled lizard.

Vanquished Creatures
  2 ball pythons
  3 endoplasms (D:1)
  A giant cockroach (D:1)
  A goblin (D:1)
  A hobgoblin (D:1)
  A kobold (D:1)
  A bat (D:1)
  4 frilled lizards (D:1)
  A rat (D:2)
15 creatures vanquished.

Notes
Turn   | Place    | Note
-------+----------+-------------------------------------------
     0 | D:1      | robertstho the Gargoyle Fighter began the quest for the
                  | Orb.
     0 | D:1      | Reached XP level 1. HP: 14/14 MP: 1/1
   427 | D:1      | Reached XP level 2. HP: 19/19 MP: 2/2
  1054 | D:2      | Slain by a gnoll

Illustrated notes

Levels and vault maps discovered:
D:1:      dpeg_arrival_shelter, layout_loops_cross, serial_forest,
          infiniplex_forest_end_1, infiniplex_forest_diagonal,
          infiniplex_forest_clump_double, infiniplex_forest_lined_corner,
          infiniplex_forest_straight_2, infiniplex_forest_lined_3,
          infiniplex_forest_split, hangedman_decor_slide_cut,
          minmay_misc_feat_columns
D:2:      layout_loops_ring

Action                   || total
-------------------------++-------
Melee: Flail             ||    42
Armor: Scale mail        ||    13
Dodge: Dodged            ||    15
Block: Kite shield       ||    18

Table legend: (Time is in decaauts)
 A = Elapsed time spent in this place.
 B = Non-inter-level travel time spent in this place.
 C = Inter-level travel time spent in this place.
 D = Time resting spent in this place.
 E = Time spent auto-exploring this place.
 F = Levels seen in this place.
 G = Mean time per level.
                   A        B        C        D        E       F      G
               +--------+--------+--------+--------+--------+-----+--------+
         Total |   1075 |   1027 |     48 |      0 |    912 |   2 |  537.5 |
       Dungeon |   1075 |   1027 |     48 |      0 |    912 |   2 |  537.5 |
               +--------+--------+--------+--------+--------+-----+--------+

Top non-repeatable levels by time:
     D:1: 1031 daAuts
     D:2: 44 daAuts
